 Dungeon Crawl Stone Soup version 0.18-a0-1805-g8ab820f (webtiles) character file.

1298 warlockg3 the Ducker (level 8, -3/78 HPs)
             Began as a Troll Fighter on Apr 25, 2016.
             Was a Believer of Trog.
             Slain by a killer bee (7 damage)
             ... on level 7 of the Dungeon.
             The game lasted 00:43:06 (4481 turns).

warlockg3 the Ducker (Troll Fighter)                Turns: 4481, Time: 00:43:10

Health: -3/78      AC:  5    Str: 32    XL:     8   Next: 31%
Magic:  7/7        EV: 10    Int:  4    God:    Trog [**....]
Gold:   366        SH: 10    Dex:  9    Spells: 0 memorised, 7 levels left

rFire  x . .     SeeInvis .       - Unarmed
rCold  + + .     Gourm    +     a - +0 robe
rNeg   . . .     Faith    .     b - +0 shield
rPois  .         Spirit   .     (helmet restricted)
rElec  .         Dismiss  .     (no cloak)
rCorr  .         Reflect  .     (gloves unavailable)
SustAt .         Harm     .     (boots unavailable)
MR     ++...                    (no amulet)
Stlth  +.........               D - ring of protection from cold
                                g - ring of ice

@: mighty, lethally poisoned (-3 -> -6), regenerating, very resistant to hostile
enchantments, very unstealthy
A: unfitting armour, claws 3, fast metabolism 3, gourmand, regeneration 2,
shaggy fur 1, tough skin 2
a: Berserk, Trog's Hand, Burn Spellbooks, Renounce Religion


You were on level 7 of the Dungeon.
You worshipped Trog.
Trog was pleased with you.
You were not hungry.

You visited 2 branches of the dungeon, and saw 8 of its levels.

You collected 366 gold pieces.

Inventory:

Hand Weapons
 m - the +1 long sword "Jelly's Demise" {freeze, rN+}
   (You found it on level 6 of the Dungeon)

   It has been specially enchanted to freeze those struck by it, causing extra
   injury to most foes and up to half again as much damage against particularly
   susceptible opponents.
   It can also slow down cold-blooded creatures.
   It protects you from negative energy.
 y - a +0 trident
Missiles
 j - 267 stones (quivered)
Armour
 a - a +0 robe (worn)
 b - a +0 shield (worn)
Jewellery
 g - a ring of ice (left claw)
 D - a ring of protection from cold (right claw)
Wands
 d - a wand of flame (20/48)
 t - a wand of confusion (31/48)
Scrolls
 e - 2 scrolls of teleportation {unknown}
 f - 9 scrolls of identify {unknown}
 h - 2 scrolls of recharging {unknown}
 i - 4 scrolls of remove curse {unknown}
 r - 2 scrolls of fear {unknown}
 v - 3 scrolls of amnesia {unknown}
 w - a scroll of enchant weapon {unknown}
 x - 3 scrolls of blinking {unknown}
 z - a scroll of summoning {unknown}
 C - a scroll of enchant armour {unknown}
Potions
 k - 2 potions of lignification {unknown}
 l - a potion of degeneration {unknown}
 o - 2 potions of haste {unknown}
 p - a potion of heal wounds {unknown}
 q - a potion of brilliance {unknown}
 s - a potion of agility {unknown}
 u - 4 potions of curing {unknown}
Comestibles
 n - 2 meat rations
 A - 3 fruits
 B - a bread ration


   Skills:
 + Level 4.0 Fighting
 + Level 0.1 Long Blades
 + Level 5.8 Dodging
 + Level 0.4 Stealth
 + Level 4.7 Shields
 + Level 4.9 Unarmed Combat


You had 7 spell levels left.
You didn't know any spells.

Dungeon Overview and Level Annotations

Branches:
Dungeon (7/15)             Temple (1/1) D:4

Altars:
Ashenzari
Dithmenos
Elyvilon
Fedhas
Gozag
Kikubaaqudgha
Makhleb
Okawaru
Pakellas
Qazlal
Ru
Sif Muna
Trog
Xom
Yredelemnul
Zin
The Shining One


Innate Abilities, Weirdness & Mutations

You are too large for most types of armour.
You have claws for hands.
Your metabolism is lightning-fast.
You like to eat raw meat.
You heal very quickly.
You are covered in fur (AC +1).
You have very tough skin (AC +2).


Message History

The killer bee poisons you!
The killer bee stings you but does no damage.
You block the killer bee's attack. The killer bee barely misses you.
The killer bee misses you. The killer bee closely misses you.
* * * LOW HITPOINT WARNING * * *
You feel very sick. The killer bee misses you.
The killer bee stings you but does no damage.
You block the killer bee's attack.
You see here 3 gold pieces.
* * * LOW HITPOINT WARNING * * *
You feel very sick.
Your skin crawls.
You feel resistant to hostile enchantments.
You feel slightly more hungry.
You feel very sick. The killer bee stings you.
* * * LOW HITPOINT WARNING * * *
The killer bee stings you!
You die...

#.....#...#.....#
#.....#...#.>...#
#.....#...#(....+
#.....#####.....######
#....................
#....................
#......).............
#...........y........
#..........@y........
#...........y........
#..............?.....
+....................
#....................
..###+###+###########


You could see 3 killer bees.

Vanquished Creatures
  3 ogres
  A phantom (D:3)
  An ice beast (D:6)
  2 centaurs (D:7)
  A giant frog (D:6)
  A scorpion (D:6)
  A crimson imp (D:5)
  A jelly (D:4)
  3 hounds
  An orc priest (D:5)
  2 orc wizards
  3 worker ants
  4 gnolls (D:5)
  9 adders
  A howler monkey skeleton (D:5)
  A shadow imp (D:5)
  4 oozes
  A worm (D:2)
  3 giant geckos
  22 orcs
  4 bats
  6 giant cockroaches
  12 goblins
  13 hobgoblins
  3 jackals (D:4)
  2 quokkas
  3 ball pythons
  A giant gecko skeleton (D:4)
  2 giant newts
  A jackal zombie (D:3)
  10 kobolds
  A quokka skeleton (D:4)
  A quokka zombie (D:6)
  5 rats
129 creatures vanquished.

Notes
Turn   | Place    | Note
--------------------------------------------------------------
     0 | D:1      | warlockg3 the Troll Fighter began the quest for the Orb.
     0 | D:1      | Reached XP level 1. HP: 22/22 MP: 0/0
    14 | D:1      | Reached XP level 2. HP: 29/29 MP: 1/1
   392 | D:1      | Reached XP level 3. HP: 36/36 MP: 2/2
   774 | D:2      | Found a faded altar to an unknown god.
  1145 | D:3      | Reached XP level 4. HP: 41/44 MP: 3/3
  1167 | D:3      | Reached skill level 3 in Dodging
  1325 | D:3      | Noticed a phantom
  1364 | D:3      | Killed a phantom
  1364 | D:3      | Reached XP level 5. HP: 36/52 MP: 4/4
  1655 | D:4      | Reached XP level 6. HP: 43/61 MP: 5/5
  1706 | D:4      | Found a staircase to the Ecumenical Temple.
  1719 | D:4      | Found a shadowy altar of Dithmenos.
  1727 | D:4      | Reached skill level 4 in Dodging
  1763 | Temple   | Entered the Ecumenical Temple
  2205 | Temple   | Became a worshipper of Trog the Wrathful
  2234 | D:4      | Found a shattered altar of Ashenzari.
  2563 | D:4      | Reached XP level 7. HP: 30/67 MP: 6/6
  2830 | D:4      | Reached * piety under Trog
  2914 | D:4      | Found a basalt altar of Yredelemnul.
  2980 | D:4      | Found a white marble altar of Elyvilon.
  3017 | D:5      | Entered Level 5 of the Dungeon
  3021 | D:5      | Found a sacrificial altar of Ru.
  3238 | D:5      | Found a blossoming altar of Fedhas.
  3298 | D:5      | Found a glowing golden altar of the Shining One.
  3300 | D:5      | Found an iron altar of Okawaru.
  3307 | D:5      | Reached skill level 5 in Dodging
  3626 | D:6      | Got an ancient long sword
  3629 | D:6      | Identified the +1 long sword "Jelly's Demise" {freeze, rN+} (You found it on level 6 of the Dungeon)
  3736 | D:6      | Found an opulent altar of Gozag.
  3781 | D:6      | Found a burning altar of Makhleb.
  3781 | D:6      | Noticed a green death
  3784 | D:6      | Noticed an orange demon
  3784 | D:6      | Noticed a ynoxinul
  3799 | D:6      | Reached ** piety under Trog
  3981 | D:6      | Reached XP level 8. HP: 78/78 MP: 7/7
  4481 | D:7      | Slain by a killer bee

Vault maps used:
D:1:      lightli_arrival_maybe_door_vault
D:2:      ecumenical_altar_2, first_bread
D:4:      corexii_shack_village, kennysheep_ying_yang,
          cheibrodos_ashenzari_chains, minmay_temple_entry_crystal_x,
          roderic_lattice_a, grunt_dithmenos_smoke
D:5:      grunt_temple_overflow_open, serial_corexii_hall,
          corexii_hall_statues_l, corexii_hall_statues_x, fedhas_altar_4
D:6:      nicolae_gozag_seed_capital, makhleb_altar_promises_db
D:7:      lightli_corner_chamber, uniq_prince_ribbit1
Temple:   hc_temple_tempest_star

Skill      XL: |  1  2  3  4  5  6  7  8 |
---------------+-------------------------+-----
Dodging        | 3 4 5 |  5.8
Shields        | 3 4 |  4.7
Unarmed Combat | 3 4 |  4.9
Fighting       | 3 4 |  4.0
Long Blades    | |  0.1
Stealth        | |  0.4

Action                   |  1- 3 |  4- 6 |  7- 9 || total
-------------------------+-------+-------+-------++-------
Melee: Unarmed           |   123 |   154 |   166 ||   443
       Long sword        |       |       |    16 ||    16
Invok: Burn Spellbooks   |       |       |     1 ||     1
       Trog's Hand       |       |       |     1 ||     1
  Use: Potion            |       |     1 |     1 ||     2
 Stab: Sleeping          |       |       |     1 ||     1
  Eat: Bread ration      |     2 |     3 |       ||     5
       Beef jerky        |       |       |     3 ||     3
       Pizza             |       |       |     2 ||     2
       Meat ration       |       |       |     2 ||     2
Armor: Robe              |    44 |    31 |    39 ||   114
Dodge: Dodged            |    52 |    72 |    65 ||   189
Block: Shield            |    53 |    77 |    82 ||   212
